 Dungeon Crawl Stone Soup version 0.17.0-28-g6e173f8 (webtiles) character file.

7373 lorenzova the Thaumaturge (level 10, -5/50 HPs)
             Began as a Deep Elf Conjurer on Nov 29, 2015.
             Was a Believer of Vehumet.
             Shot with an arrow by a centaur warrior (7 damage)
             ... on level 10 of the Dungeon.
             The game lasted 00:35:07 (12313 turns).

lorenzova the Thaumaturge (Deep Elf Conjurer)      Turns: 12313, Time: 00:35:07

Health: -5/50      AC:  3    Str:  5    XL:     10   Next: 91%
Magic:  18/30      EV: 13    Int: 24    God:    Vehumet [**....]
Gold:   190        SH:  0    Dex: 15    Spells: 4 memorised, 27 levels left

rFire  . . .     SeeInvis .     r - +0 short sword (holy)
rCold  . . .     Clarity  .     a - +0 robe
rNeg   . . .     SustAt   .     (no shield)
rPois  .         Gourm    .     (no helmet)
rElec  .         Spirit   .     (no cloak)
rCorr  .         Warding  .     (no gloves)
rMut   .         Stasis   .     s - +0 pair of boots
MR     +....                    t - amulet of regeneration
Stlth  ++........               (no ring)
                                (no ring)

@: somewhat resistant to hostile enchantments, unstealthy
A: no striking features
a: Renounce Religion


You were on level 10 of the Dungeon.
You worshipped Vehumet.
Vehumet was pleased with you.
You were hungry.

You visited 2 branches of the dungeon, and saw 11 of its levels.

You collected 478 gold pieces.
You spent 288 gold pieces at shops.

Inventory:

Hand Weapons
 i - a +0 short sword
 r - a +0 short sword of holy wrath (weapon)
Armour
 a - a +0 robe (worn)
 s - a +0 pair of boots (worn)
Jewellery
 g - an uncursed amulet of resist corrosion
 t - an amulet of regeneration (around neck)
 N - an uncursed ring of ice
Wands
 F - a wand of digging (17)
 H - a wand of random effects (18)
 L - a wand of fireball (3)
 O - a wand of polymorph (10)
Scrolls
 d - 2 scrolls of amnesia
 e - 7 scrolls of teleportation
 h - 2 scrolls of magic mapping {unknown}
 j - 3 scrolls of identify
 m - 2 scrolls of enchant armour {unknown}
 n - 2 scrolls of fog
 p - 2 scrolls of recharging
 u - 2 scrolls of blinking
 y - 2 scrolls of noise {unknown}
 E - 5 scrolls of remove curse
 K - 3 scrolls of enchant weapon {unknown}
 M - a scroll of summoning {unknown}
Potions
 l - a potion of beneficial mutation
 q - 2 potions of flight {unknown}
 v - a potion of lignification {unknown}
 w - a potion of magic {unknown}
 z - a potion of invisibility {unknown}
 B - 2 potions of might {unknown}
 C - 2 potions of haste
 D - 5 potions of curing
 G - a potion of agility
 I - 2 potions of heal wounds
 J - a potion of poison {unknown}
Books
 b - a book of Conjurations

   Spells                             Type                      Level
   a - Magic Dart                     Conjuration                  1
   b - Searing Ray                    Conjuration                  2
   c - Dazzling Spray                 Conjuration/Hexes            3
   d - Fulminant Prism                Conjuration/Hexes            4
   e - Iskenderun's Mystic Blast      Conjuration                  4
   f - Iskenderun's Battlesphere      Conjuration/Charms           5
Comestibles
 c - 9 bread rations
 f - 4 beef jerkies
 k - 5 meat rations
 o - a royal jelly
 x - 8 fruits
 A - 2 slices of pizza


   Skills:
 - Level 2.4 Dodging
 - Level 2.4 Stealth
 + Level 14.7 Spellcasting
 + Level 13.4 Conjurations


You had 27 spell levels left.
You knew the following spells:

 Your Spells              Type           Power        Failure   Level  Hunger
a - Magic Dart            Conj           ####         0%          1    None
b - Iskenderun's Battles  Conj/Chrm      #####...     8%          5    ##.....
d - Flame Tongue          Conj/Fire      #####        1%          1    None
x - Iskenderun's Mystic   Conj           ######..     1%          4    None


Dungeon Overview and Level Annotations

Branches:
Dungeon (10/15)            Temple (1/1) D:5            Lair (0/8) D:10
    Orc: D:9-12

Altars:
Ashenzari
Cheibriados
Dithmenos
Elyvilon
Fedhas
Gozag
Kikubaaqudgha
Makhleb
Nemelex Xobeh
Okawaru
Qazlal
Ru
Sif Muna
Trog
Vehumet
Xom
Yredelemnul
Zin
The Shining One

Shops:
D:4 [   D:9 !


Message History

The centaur warrior shoots an arrow.
The arrow hits your battlesphere!
Casting: Magic Dart
Confirm with . or Enter, or press ? or * to list all spells.
Aiming: Magic Dart
Press: ? - help, Shift-Dir - straight line, f/p - centaur warrior
Aim: a centaur warrior, wielding a longbow (moderately wounded)
The magic dart hits the centaur warrior.
The centaur warrior is moderately wounded.
Your battlesphere fires!
The barrage of energy hits the centaur warrior.
The centaur warrior is heavily wounded.
The centaur warrior shoots an arrow.
The arrow hits your battlesphere!!
Your battlesphere is destroyed!
Casting: Magic Dart
Confirm with . or Enter, or press ? or * to list all spells.
You conjure a globe of magical energy.
The centaur warrior shoots an arrow.
The arrow hits you!!
* * * LOW HITPOINT WARNING * * *
The centaur warrior shoots an arrow.
The arrow hits you!
You die...

# #.# #............ # #.#
##########.#.. # #.# #...# #.##.
# #.##### #...# #.##. #
######.....#####...#### #.##. #
#.....................# #.##.
#####.†....(..........)...# #.##.
......########.##.........###.##.
.####.######....@*............##.
.###.........#.##(##...÷########.
......########.##(##....# #.
>.##.## #.##(###.#.# #. ..##.#
#.##.# #.... #. .....## #.##§#
###.# #. ......########.##.# #.
.................c. #.
........#### #.##.# #.


You could see a centaur warrior.

Vanquished Creatures
  An unseen horror (D:10)
  The ghost of Statics the Covert, a novice OpMo (D:7)
  An ice statue (D:9)
  The ghost of lorenzova the Magician, an amateur DECj (D:4)
  A spriggan (D:8)
  A hippogriff (D:9)
  A hungry ghost (D:8)
  Menkaure (D:6)
  7 orc warriors
  5 ogres
  3 sky beasts
  A phantom (D:9)
  An ice beast (D:8)
  2 black bears
  5 giant frogs
  7 centaurs
  A big kobold (D:7)
  A gnoll sergeant (D:10)
  A water moccasin skeleton (D:9)
  4 scorpions
  A wyvern skeleton (D:8)
  8 killer bees
  2 giant frog zombies
  5 hounds
  4 crimson imps
  2 gnoll shamans (D:7)
  A quasit (D:7)
  14 orc priests
  2 giant frog skeletons
  A jelly (D:5)
  10 orc wizards
  2 iguanas
  Terence (D:3)
  7 worker ants
  A hound skeleton (D:5)
  12 adders
  19 gnolls
  A shadow imp (D:6)
  2 oozes
  2 adder zombies (D:6)
  An adder skeleton (D:8)
  4 worms
  8 giant geckos
  42 orcs
  10 bats
  5 giant cockroaches
  11 goblins
  14 hobgoblins
  20 jackals
  13 kobolds
  5 quokkas
  A giant gecko skeleton (D:6)
  6 rats
  2 plants (D:7)
285 creatures vanquished.

Vanquished Creatures (others)
  5 fungi (D:7)
5 creatures vanquished.

Grand Total: 290 creatures vanquished

Notes
Turn   | Place    | Note
--------------------------------------------------------------
     0 | D:1      | lorenzova the Deep Elf Conjurer began the quest for the Orb.
     0 | D:1      | Reached XP level 1. HP: 10/10 MP: 6/6
    74 | D:1      | Reached XP level 2. HP: 10/15 MP: 0/8
   588 | D:1      | Reached XP level 3. HP: 19/19 MP: 5/10
   700 | D:1      | Reached skill level 5 in Conjurations
  1657 | D:2      | Reached XP level 4. HP: 24/24 MP: 4/12
  1757 | D:2      | Learned a level 4 spell: Iskenderun's Mystic Blast
  1860 | D:2      | Reached skill level 5 in Spellcasting
  1995 | D:2      | Found a bloodstained altar of Trog.
  2547 | D:3      | Noticed Terence
  2548 | D:3      | Reached XP level 5. HP: 28/28 MP: 5/14
  2687 | D:3      | Reached skill level 6 in Conjurations
  2861 | D:3      | Killed Terence
  3362 | D:3      | Reached XP level 6. HP: 32/32 MP: 11/17
  3916 | D:4      | Noticed lorenzova's ghost (amateur DECj)
  3985 | D:4      | Killed lorenzova's ghost
  3985 | D:4      | Reached skill level 7 in Spellcasting
  4115 | D:4      | Reached XP level 7. HP: 36/36 MP: 11/19
  4333 | D:4      | Found Ipotuetu's Armour Shop.
  4768 | D:4      | Found a shadowy altar of Dithmenos.
  5046 | D:5      | Entered Level 5 of the Dungeon
  5060 | D:5      | Reached skill level 8 in Spellcasting
  5213 | D:5      | Found a staircase to the Ecumenical Temple.
  5224 | Temple   | Entered the Ecumenical Temple
  5723 | D:5      | Reached skill level 9 in Spellcasting
  5723 | D:5      | Reached XP level 8. HP: 41/41 MP: 16/23
  6335 | D:6      | Noticed Menkaure
  6435 | D:6      | Killed Menkaure
  6587 | D:5      | Reached skill level 10 in Spellcasting
  7138 | D:6      | Reached skill level 10 in Conjurations
  7689 | D:6      | Reached XP level 9. HP: 45/45 MP: 20/25
  7733 | D:7      | Noticed Statics's ghost (novice OpMo)
  7775 | D:6      | Reached skill level 11 in Spellcasting
  7824 | D:7      | Killed Statics's ghost
  8440 | D:7      | Reached skill level 12 in Spellcasting
  8545 | D:7      | Found a sparkling altar of Nemelex Xobeh.
  8546 | D:7      | Found a burning altar of Makhleb.
  8548 | D:7      | Found a shimmering altar of Xom.
  8549 | D:7      | Found a deep blue altar of Sif Muna.
  8549 | D:7      | Found a radiant altar of Vehumet.
  8553 | D:7      | Found a blossoming altar of Fedhas.
  8554 | D:7      | Found an iron altar of Okawaru.
  8563 | D:7      | Became a worshipper of Vehumet
  9394 | D:7      | Reached XP level 10. HP: 46/50 MP: 11/28
  9499 | D:7      | Learned a level 5 spell: Iskenderun's Battlesphere
  9570 | D:7      | Reached skill level 13 in Spellcasting
  9882 | D:7      | Reached * piety under Vehumet
  9882 | D:7      | Offered knowledge of Flame Tongue by Vehumet.
  9926 | D:7      | Learned a level 1 spell: Flame Tongue
 10945 | D:9      | Found Mira's Distillery.
 10958 | D:9      | Bought a potion of haste for 160 gold pieces
 10958 | D:9      | Bought a potion of curing for 48 gold pieces
 10958 | D:9      | Bought a potion of heal wounds for 80 gold pieces
 11156 | D:9      | Reached ** piety under Vehumet
 11220 | D:9      | Offered knowledge of Throw Frost by Vehumet.
 11251 | D:9      | Reached skill level 14 in Spellcasting
 11746 | D:10     | Entered Level 10 of the Dungeon
 11970 | D:10     | Offered knowledge of Throw Flame by Vehumet.
 12137 | D:10     | Killed an unseen horror
 12191 | D:10     | Found a staircase to the Lair.
 12305 | D:10     | Noticed a centaur warrior
 12312 | D:10     | HP: 2/50 [centaur warrior/arrow (21)]
 12313 | D:10     | Shot with an arrow by a centaur warrior

Action                   |  1- 3 |  4- 6 |  7- 9 | 10-12 || total
-------------------------+-------+-------+-------+-------++-------
Melee: Unarmed           |     6 |       |       |       ||     6
       Short sword       |    10 |     4 |     4 |   217 ||   235
       Staff             |       |     9 |       |       ||     9
 Cast: Magic Dart        |    92 |   126 |   311 |   147 ||   676
       Iskenderun's Myst |       |    12 |    62 |    15 ||    89
       Flame Tongue      |       |       |       |    30 ||    30
       Iskenderun's Batt |       |       |       |    22 ||    22
  Use: Scroll            |       |       |       |     7 ||     7
       Potion            |       |       |       |     1 ||     1
 Stab: Sleeping          |     1 |       |       |     1 ||     2
  Eat: Chunk             |     2 |     7 |    19 |    11 ||    39
       Fruit             |       |     3 |       |     2 ||     5
